 Dungeon Crawl Stone Soup version 0.19-a0-1792-g28b16ba (webtiles) character file.

57 twist the Ruffian (level 4, -3/38 HPs)
             Began as a Ghoul Berserker on Oct 4, 2016.
             Was a Believer of Trog.
             Slain by a goblin (4 damage)
             ... on level 2 of the Dungeon.
             The game lasted 00:01:39 (1152 turns).

twist the Ruffian (Ghoul Berserker)                 Turns: 1152, Time: 00:01:39

Health: -3/38      AC:  2    Str: 19    XL:     4   Next: 0%
Magic:  3/3        EV:  9    Int:  3    God:    Trog [**....]
Gold:   138        SH:  0    Dex:  9    Spells: 0 memorised, 3 levels left

rFire  . . .     SeeInvis .       - Unarmed
rCold  + . .     Gourm    .     a - +0 animal skin
rNeg   + + +     Faith    .     (no shield)
rPois  ∞         Spirit   .     (no helmet)
rElec  .         Dismiss  .     (no cloak)
rCorr  .         Reflect  .     (no gloves)
MR     .....     Harm     .     (no boots)
Stlth  +.........               (no amulet)
                                (no ring)
                                (no ring)

@: rotting, constricted
A: rotting body, claws 1, carnivore 3, cold resistance 1, negative energy
resistance 3, slow regeneration 1, torment resistance, unbreathing
a: Trog's Hand, Burn Spellbooks, Renounce Religion


You were on level 2 of the Dungeon.
You worshipped Trog.
Trog was pleased with you.
You were not hungry.

You visited 1 branch of the dungeon, and saw 2 of its levels.

You collected 138 gold pieces.

Inventory:

Armour
 a - a +0 animal skin (worn)
Scrolls
 c - a scroll of remove curse {unknown}
 g - a scroll of recharging {unknown}
 j - a scroll of blinking {unknown}
 k - a scroll of enchant armour {unknown}
 l - a scroll of identify {unknown}
Potions
 d - a potion of cancellation {unknown}
 e - a potion of beneficial mutation {unknown}
 h - a potion of degeneration {unknown}
 i - 2 potions of heal wounds {unknown}
Comestibles
 b - 2 meat rations
 f - 7 chunks of flesh


   Skills:
 - Level 3.2 Fighting
 - Level 1.7 Armour
 - Level 1.7 Dodging
 + Level 5.2 Unarmed Combat


You had 3 spell levels left.
You didn't know any spells.

Dungeon Overview and Level Annotations

Branches:
Dungeon (2/15)

Altars:


Innate Abilities, Weirdness & Mutations

Your body is rotting away.
You thrive on raw meat.
You are immune to poison.
You have sharp fingernails.
You are carnivorous and can eat meat at any time.
Your flesh is cold resistant. (rC+)
You are immune to negative energy. (rN+++)
You regenerate slowly when monsters are visible.
You are immune to unholy pain and torment.
You can survive without breathing.


Message History

The bat closely misses you.
The ball python bites you but does no damage.
* * * LOW HITPOINT WARNING * * *
The ball python constricts you. The goblin closely misses you.
You closely miss the ball python.
The ball python is severely wounded.
The ball python bites you but does no damage.
The ball python constricts you. The bat barely misses you. The goblin hits you.
* * * LOW HITPOINT WARNING * * *
The ball python bites you.
* * * LOW HITPOINT WARNING * * *
x2 The ball python constricts you.
Unknown command.
Unknown command.
You barely miss the ball python.
The ball python is severely wounded.
The bat hits you but does no damage. The bat hits you.
* * * LOW HITPOINT WARNING * * *
The goblin hits you.
You die...

... #......... #..
....#......... #..
....#.....)... #..
...........(.. #..
.##.......... #..
.##.........( #..##
#.............
#.gS##...##.).......
#.@b....##.........
#†#......#.........
#. .#..............
.. .# ...>#........
... .###...#........
#.#.
.............#..
#.#.
................
#.##
####..)......#..
.............


You could see a goblin, a bat and a ball python.

Vanquished Creatures
  An adder (D:2)
  An ooze (D:1)
  A worm (D:2)
  A dart slug (D:2)
  A leopard gecko (D:2)
  A giant cockroach (D:1)
  8 goblins
  8 hobgoblins
  A ball python (D:1)
  4 bats
  4 frilled lizards
  4 kobolds
  5 rats
40 creatures vanquished.

Vanquished Creatures (others)
  A worm (D:2)
1 creature vanquished.

Grand Total: 41 creatures vanquished

Notes
Turn   | Place    | Note
-------+----------+-------------------------------------------
     0 | D:1      | twist the Ghoul Berserker began the quest for the Orb.
     0 | D:1      | Reached XP level 1. HP: 19/19 MP: 0/0
    56 | D:1      | Reached XP level 2. HP: 10/26 MP: 1/1
   136 | D:1      | Reached skill level 4 in Unarmed Combat
   567 | D:1      | Reached XP level 3. HP: 31/31 MP: 2/2
   909 | D:2      | Reached ** piety under Trog
   912 | D:2      | Reached skill level 5 in Unarmed Combat
  1119 | D:2      | Found a faded altar of an unknown god.
  1146 | D:2      | Reached XP level 4. HP: 11/38 MP: 3/3
  1152 | D:2      | HP: 1/38 [bat (1)]
  1152 | D:2      | Slain by a goblin

Vault maps used:
D:1:      elethiomel_arrival_shortcut, minmay_misc_feat_encased
D:2:      marbit_many_paths, ecumenical_altar_1, lemuel_flame_loot_1

Skill      XL: |  1  2  3 |
---------------+----------+-----
Unarmed Combat | 4 5 |  5.2
Fighting       | |  3.2
Armour         | |  1.7
Dodging        | |  1.7

Action                   |  1- 3 |  4- 6 || total
-------------------------+-------+-------++-------
Melee: Unarmed           |   110 |     6 ||   116
  Eat: Chunk             |     8 |       ||     8
Armor: Animal skin       |    19 |     8 ||    27
Dodge: Dodged            |   101 |     9 ||   110
